 Seeded DCSS version 0.28.0-53-g5a82cb258f (webtiles) character file.

Game seed: 20220628 (custom seed)

52 Sanktem7 the Skirmisher (level 3, 34/34 HPs)
             Began as a Minotaur Fighter on June 28, 2022.
             Quit the game on level 2 of the Dungeon.
             The game lasted 00:03:06 (2123 turns).

Sanktem7 the Skirmisher (Minotaur Fighter)          Turns: 2123, Time: 00:03:07

Health: 34/34      AC:  9    Str: 22    XL:     3   Next: 60%
Magic:  2/2        EV: 13    Int:  5    God:
Gold:   99         SH:  4    Dex:  9    Spells: 2/2 levels left

rFire   . . .      SeeInvis .   a - +0 war axe {axe}
rCold   . . .      Faith    .   c - +0 buckler
rNeg    . . .      Spirit   .   b - +0 scale mail
rPois   .          Reflect  .   (helmet restricted)
rElec   .          Harm     .   (no cloak)
rCorr   .          Rampage  .   j - +0 pair of gloves
Will    .....                   i - +0 pair of boots
Stlth   ..........              (no amulet)
HPRegen 0.11/turn               k - +4 ring of evasion
MPRegen 0.08/turn               (no ring)

@: no status effects
A: horns 2, retaliatory headbutt
a: no special abilities


You were on level 2 of the Dungeon.
You visited 1 branch of the dungeon, and saw 2 of its levels.

You collected 99 gold pieces.


Innate Abilities, Weirdness & Mutations

You have a pair of horns on your head.
You reflexively headbutt those who attack you in melee.


   Skills:
 * Level 4.7 Fighting
 * Level 3.8 Axes
 - Level 3.6 Armour
 - Level 3.6 Shields


You had 2 spell levels left.
You didn't know any spells.
Your spell library contained the following spells:

 Spells                   Type           Power      Damage    Failure   Level
 Frozen Ramparts          Ice            0%         1d2       99%         3
 Ice Form                 Ice/Tmut       0%         N/A       100%        4
 Summon Ice Beast         Ice/Summ       0%         N/A       100%        4

Inventory:

Hand Weapons
 a - a +0 war axe (weapon) {axe}
 f - a +2 dagger of speed {short}
   (You took it off a goblin on level 1 of the Dungeon)
Missiles
 l - 23 arrows
Armour
 b - a +0 scale mail (worn)
 c - a +0 buckler (worn)
 i - a +0 pair of boots (worn)
   (You found it on level 1 of the Dungeon)
 j - a +0 pair of gloves (worn)
   (You found it on level 1 of the Dungeon)
Jewellery
 k - a +4 ring of evasion (left hand)
   (You found it on level 1 of the Dungeon)
Scrolls
 o - a scroll of identify {unknown}
 p - a scroll of brand weapon {unknown}
Potions
 d - a potion of might
 e - a potion of invisibility {unknown}
 g - a potion of attraction {unknown}
 h - a potion of curing {unknown}
 m - 2 potions of heal wounds {unknown}
 n - a potion of degeneration {unknown}
 q - a potion of brilliance {unknown}

Dungeon Overview and Level Annotations

Branches:
Dungeon (2/15)

Altars:
Ru

#.###.##........##.## #.#
#.###.########.# #.# #.#
#.# #># #.# #.# #.# ##'##
#.# #.# #.# ##...## #.#
#.###.# ##.....##
#.###.##..# ##.......## #
#.......<.####.........####
#####.....@..'.........'...
#.....####.........####
####..# ##.......## # ##.#
##.....## #.# ##...## #.#
##+## #.# #.# #.########.#
##..........##


There were no monsters in sight!


Message History

No target in view!
No target in view!
No target in view!
No target in view!
You now have 82 gold pieces (gained 10).
You now have 94 gold pieces (gained 12).
As you open the door, it creaks loudly!
A kobold comes into view. It is wielding a +0 whip.
You hear an angry hiss.
A ball python comes into view.
There are monsters nearby!
There is an open door here.
The kobold closely misses you. You furiously retaliate!
You headbutt the kobold!
You kill the kobold!
The ball python closely misses you. You block the ball python's attack.
Things that are here:
a +0 whip {mace}; a kobold corpse You closely miss the ball python.
Your headbutt misses the ball python. The ball python bites you.
The ball python grabs you.
The ball python constricts you. 😕 HP[-3]
You take 3 damage, and now have 31/34 hp.
You completely miss the ball python. Your headbutt misses the ball python.
The ball python closely misses you. You furiously retaliate!
You headbutt the ball python.
You kill the ball python!
You now have 95 gold pieces (gained 1).
You open the door.
There is an open door here.
p - a scroll labelled XABAIN JISTU 😎 HP[+3]
Your hp is fully restored (34).
You see here a +0 dagger {short}.
q - a sedimented amethyst potion
m - 2 brown potions (gained 1)
Found a stone staircase leading up.
There is a stone staircase leading up here.
A giant cockroach comes into view.
A giant cockroach is nearby!
The giant cockroach bites you but does no damage. x2
You closely miss the giant cockroach.
The giant cockroach bites you but does no damage.
You slash the giant cockroach!
You kill the giant cockroach!
No target in view!
No target in view!
No target in view!
No target in view!
No target in view!
You open the door.
There is an open door here.
You open the door.
There is an open door here.
Found a stone staircase leading down.
Found a sacrificial altar of Ru.
No target in view!
A worm comes into view.
A worm is nearby!
You block the worm's attack.
There is a sacrificial altar of Ru here.
You slash the worm! The worm completely misses you. You furiously retaliate!
You headbutt the worm!
You kill the worm!
No target in view!
No target in view!
No target in view!
No target in view!
No target in view!
No target in view!
You see here a worm corpse.
A rat comes into view.
A rat is nearby!
The rat misses you.
You slash the rat!
You kill the rat!
No target in view!
No target in view!
No target in view!
No target in view!
No target in view!
You open the door.
There is an open door here.
You now have 99 gold pieces (gained 4).
You open the door.
There is an open door here.
Found a stone staircase leading down.
There is a stone staircase leading down here.
There is a stone staircase leading down here.
There is an open door here.
There is an open door here.
There is an open door here.
You open the door.
There is an open door here.
There is a stone staircase leading up here.
Done exploring.
Done exploring.
Done exploring.
Are you sure you want to abandon this character and quit the game? (Confirm with "yes".)

Skill      XL: |  1 |
---------------+----+-----
Fighting       | 4 |  4.7
Axes           | 3 |  3.8
Armour         | |  3.6
Shields        | |  3.6

Action                   || total
-------------------------++-------
Melee: War axe           ||    64
       Headbutt          ||     4
Armor: Scale mail        ||    18
Dodge: Dodged            ||    28
Block: Buckler           ||    12

Levels and vault maps discovered:
D:1:      onia_arrival_mini_spirals, layout_loops_ring,
          shapermc_ecumenical_altar_gd, minmay_misc_feat_ornament,
          chequers_avenue, wad_floor_pattern_2, serial_bayou_lagoon_a
D:2:      layout_loops_corners, basic_altar

Notes
Turn   | Place    | Note
-------+----------+-------------------------------------------
     0 | D:1      | Sanktem7 the Minotaur Fighter began the quest for the Orb.
     0 | D:1      | Reached XP level 1. HP: 19/19 MP: 0/0
     0 | D:1      | magus.rc [v1.9.6]
   155 | D:1      | Reached skill level 4 in Fighting
   231 | D:1      | Reached skill level 3 in Axes
   231 | D:1      | Reached XP level 2. HP: 20/27 MP: 1/1
   512 | D:1      | Found a faded altar of an unknown god.
   634 | D:1      | HP: 6/28 [frozen (4)]
   637 | D:1      | Reached XP level 3. HP: 5/34 MP: 2/2
   940 | D:1      | You pick up a book of Rime and begin reading...
   940 | D:1      | You add the spells Frozen Ramparts, Ice Form and Summon Ice
                  | Beast to your library.
  1933 | D:2      | Found a sacrificial altar of Ru.
  2123 | D:2      | Quit the game

Vanquished Creatures
  A gnoll (D:1)
  A worm (D:2)
  A dart slug (D:1)
  4 ball pythons
  6 endoplasms
  3 giant cockroaches
  5 hobgoblins
  A bat (D:1)
  A frilled lizard (D:2)
  5 goblins (D:1)
  3 kobolds
  4 rats
35 creatures vanquished.

Vanquished Creatures (others)
  A fungus (D:1)
  3 plants (D:1)
4 creatures vanquished.

Grand Total: 39 creatures vanquished

Table legend:
 A = Non-vault XP
 B = Vault XP
 C = Vault XP percentage of total XP
 D = Non-vault monster count
 E = Vault monster count
 F = Vault count percentage of total count
                 A         B        C        D         E       F
            +---------+---------+-------+---------+---------+-------
      Total |      75 |       0 |   0.0 |      35 |       0 |   0.0
            +---------+---------+-------+---------+---------+-------
        D:1 |      56 |       0 |   0.0 |      25 |       0 |   0.0
        D:2 |      19 |       0 |   0.0 |      10 |       0 |   0.0
            +---------+---------+-------+---------+---------+-------

Illustrated notes

Table legend:
 A = Kills in this place as a percentage of kills in entire the game.
 B = Kills by you in this place as a percentage of kills by you in the entire game.
 C = Kills by friends in this place as a percentage of kills by friends in the entire game.
 D = Other kills in this place as a percentage of other kills in the entire game.
 E = Experience gained in this place as a percentage of experience gained in the entire game.
 F = Experience gained in this place divided by the number of levels of this place that you have seen.
                   A       B       C       D       E      F
               +-------+-------+-------+-------+-------+----------------------
         Total | 100.0 | 100.0 |   N/A |   N/A | 100.0 |  37.5
       Dungeon | 100.0 | 100.0 |   N/A |   N/A | 100.0 |  37.5
               +-------+-------+-------+-------+-------+----------------------

Table legend: (Time is in decaauts)
 A = Elapsed time spent in this place.
 B = Non-inter-level travel time spent in this place.
 C = Inter-level travel time spent in this place.
 D = Time resting spent in this place.
 E = Time spent auto-exploring this place.
 F = Levels seen in this place.
 G = Mean time per level.
                   A        B        C        D        E       F      G
               +--------+--------+--------+--------+--------+-----+--------+
         Total |   2154 |   2129 |     25 |      0 |   1908 |   2 | 1077.0 |
       Dungeon |   2154 |   2129 |     25 |      0 |   1908 |   2 | 1077.0 |
               +--------+--------+--------+--------+--------+-----+--------+

Top non-repeatable levels by time:
     D:1: 1299 daAuts
     D:2: 854 daAuts
